 Dungeon Crawl Stone Soup version 0.28-a0-1510-gd0f6b136d3 (webtiles) character file.

Game seed: 8217657576408367656

158 tatocazan the Quickloader (level 5, -3/43 HPs)
             Began as a Gnoll Hunter on Jan 15, 2022.
             Was a Follower of Okawaru.
             Slain by an orc priest (6 damage)
             ... on level 3 of the Dungeon.
             The game lasted 00:03:08 (3160 turns).

tatocazan the Quickloader (Gnoll Hunter)            Turns: 3160, Time: 00:03:09

Health: -3/43      AC:  7    Str: 13    XL:     5   Next: 39%
Magic:  5/7        EV: 12    Int: 11    God:    Okawaru [*.....]
Gold:   66         SH:  5    Dex: 12    Spells: 6/6 levels left

rFire   . . .      SeeInvis .   k - +1 whip (freeze)
rCold   . . .      Faith    .   o - +0 buckler
rNeg    . . .      Spirit   .   l - +0 scale mail
rPois   .          Reflect  .   (no helmet)
rElec   .          Harm     .   (no cloak)
rCorr   .          Rampage  .   (no gloves)
Will    .....                   (no boots)
Stlth   ++........              (no amulet)
HPRegen 0.14/turn               (no ring)
MPRegen 0.10/turn               (no ring)

@: heroic
A: fangs 1, strong nose, distributed training
a: Renounce Religion, Heroism


You were on level 3 of the Dungeon.
You worshipped Okawaru.
Okawaru was aware of your devotion.
You visited 1 branch of the dungeon, and saw 3 of its levels.

You collected 66 gold pieces.

Inventory:

Hand Weapons
 a - a +1 hand crossbow
 b - a +0 short sword
 k - a +1 whip of freezing (weapon)
Missiles
 d - 17 bolts
Armour
 c - a +0 leather armour
 l - a +0 scale mail (worn)
 o - a +0 buckler (worn)
Scrolls
 e - 3 scrolls of fear {unknown}
 f - 2 scrolls of teleportation {unknown}
 g - a scroll of holy word {unknown}
 h - a scroll of summoning {unknown}
 i - a scroll of identify {unknown}
 j - a scroll of enchant weapon {unknown}
 n - 2 scrolls of noise {unknown}


   Skills:
 + Level 4.8(9.8) Fighting
 + Level 1.4(6.4) Short Blades
 + Level 1.4(6.4) Long Blades
 + Level 1.4(6.4) Axes
 + Level 1.4(6.4) Maces & Flails
 + Level 1.4(6.4) Polearms
 + Level 1.4(6.4) Staves
 + Level 1.4(6.4) Slings
 + Level 1.4(6.4) Bows
 + Level 8.6(13.6) Crossbows
 + Level 1.4(6.4) Throwing
 + Level 1.4(6.4) Armour
 + Level 4.8(9.8) Dodging
 + Level 2.7(7.7) Stealth
 + Level 1.4(6.4) Shields
 + Level 1.4(6.4) Unarmed Combat
 + Level 1.4 Spellcasting
 + Level 1.1 Conjurations
 + Level 1.1 Hexes
 + Level 1.1 Summonings
 + Level 1.1 Necromancy
 + Level 1.1 Translocations
 + Level 1.1 Transmutations
 + Level 1.1 Fire Magic
 + Level 1.1 Ice Magic
 + Level 1.1 Air Magic
 + Level 1.1 Earth Magic
 + Level 1.1 Poison Magic
 + Level 1.6 Invocations
 + Level 1.4 Evocations


You had 6 spell levels left.
You didn't know any spells.
Your spell library contained the following spells:

 Spells                   Type           Power      Damage    Failure   Level
 Sandblast                Erth           6%         2d5       67%         1
 Slow                     Hex            12%        N/A       67%         1
 Passwall                 Tmut/Erth      2%         N/A       82%         2
 Confusing Touch          Hex            3%         N/A       96%         3
 Stone Arrow              Conj/Erth      6%         3d7       96%         3
 Vampiric Draining        Necr           3%         2d6       96%         3


Dungeon Overview and Level Annotations

Branches:
Dungeon (3/15)

Altars:
Okawaru
Beogh


Innate Abilities, Weirdness & Mutations

You have very sharp teeth.
Your uncanny sense of smell can sniff out nearby items.
Your experience applies equally to all skills.


Message History

You take 5 damage, and have 3/43 hp.
You barely miss the orc priest.
The orc priest is moderately wounded.
You block the orc priest's attack.
It was a potion of heal wounds.
You feel much better. The orc priest closely misses you.
You regained 23 hp, and now have 26/43 hp.
You gain the combat prowess of a mighty hero.
The orc priest barely misses you.
You now have 5/7 mp.
You hit the orc priest but do no damage.
The orc priest is moderately wounded.
The orc priest completely misses you.
You barely miss the orc priest.
You bite the orc priest, but do no damage.
The orc priest is moderately wounded.
The orc priest hits you but does no damage.
You barely miss the orc priest. You bite the orc priest.
The orc priest is heavily wounded.
The orc priest calls down the wrath of Beogh upon you.
Beogh smites you!
You take 13 damage, and have 13/43 hp.
MASSIVE DAMAGE!!
You hit the orc priest but do no damage.
The orc priest is heavily wounded.
The orc priest closely misses you.
You hit the orc priest but do no damage.
The orc priest is heavily wounded.
The orc priest invokes the aid of Beogh against you.
Beogh smites you!
* * * LOW HITPOINT WARNING * * *
You take 11 damage, and have 2/43 hp.
MASSIVE DAMAGE!!
You barely miss the orc priest.
The orc priest is heavily wounded.
You hit the orc priest but do no damage.
The orc priest is heavily wounded.
The orc priest closely misses you.
You closely miss the orc priest.
The orc priest is heavily wounded.
The orc priest hits you with a +0 trident.
You die...

..........#..
#........##.#
###......#..##
..###...##...
#...###.#..#
#.#...#.#..#
#..........#.#
######)......#
#)@##.###
#.o...#
##.#### ...
###


You could see an orc priest.

Vanquished Creatures
  An ogre (D:2)
  2 adders
  A worm (D:2)
  8 orcs
  5 bats
  4 endoplasms
  2 giant cockroaches
  4 goblins
  5 hobgoblins
  5 ball pythons
  2 frilled lizards
  3 kobolds (D:1)
  4 rats
46 creatures vanquished.

Notes
Turn   | Place    | Note
-------+----------+-------------------------------------------
     0 | D:1      | tatocazan the Gnoll Hunter began the quest for the Orb.
     0 | D:1      | Reached XP level 1. HP: 20/20 MP: 1/1
   405 | D:1      | Reached XP level 2. HP: 12/26 MP: 2/2
  1358 | D:2      | Noticed an ogre
  1373 | D:1      | Reached XP level 3. HP: 15/31 MP: 3/3
  1901 | D:2      | Killed an ogre
  1902 | D:2      | Reached skill level 1 in Short Blades
  1902 | D:2      | Reached skill level 1 in Long Blades
  1902 | D:2      | Reached skill level 1 in Axes
  1902 | D:2      | Reached skill level 1 in Maces & Flails
  1902 | D:2      | Reached skill level 1 in Polearms
  1902 | D:2      | Reached skill level 1 in Staves
  1902 | D:2      | Reached skill level 1 in Slings
  1902 | D:2      | Reached skill level 1 in Bows
  1902 | D:2      | Reached skill level 1 in Throwing
  1902 | D:2      | Reached skill level 1 in Armour
  1902 | D:2      | Reached skill level 1 in Shields
  1902 | D:2      | Reached skill level 1 in Unarmed Combat
  1902 | D:2      | Reached skill level 1 in Spellcasting
  1902 | D:2      | Reached skill level 1 in Conjurations
  1902 | D:2      | Reached skill level 1 in Hexes
  1902 | D:2      | Reached skill level 1 in Summonings
  1902 | D:2      | Reached skill level 1 in Necromancy
  1902 | D:2      | Reached skill level 1 in Translocations
  1902 | D:2      | Reached skill level 1 in Transmutations
  1902 | D:2      | Reached skill level 1 in Fire Magic
  1902 | D:2      | Reached skill level 1 in Ice Magic
  1902 | D:2      | Reached skill level 1 in Air Magic
  1902 | D:2      | Reached skill level 1 in Earth Magic
  1902 | D:2      | Reached skill level 1 in Poison Magic
  1902 | D:2      | Reached skill level 1 in Invocations
  1902 | D:2      | Reached skill level 1 in Evocations
  1902 | D:2      | Reached XP level 4. HP: 38/38 MP: 5/5
  1902 | D:2      | Reached XP level 5. HP: 43/43 MP: 6/6
  2228 | D:2      | Found a faded altar of an unknown god.
  2235 | D:2      | Prayed at the altar of an unknown god.
  2235 | D:2      | Became a worshipper of Warmaster Okawaru
  2235 | D:2      | Reached * piety under Okawaru
  3157 | D:3      | HP: 2/43 [orc priest/divine providence (11)]
  3160 | D:3      | Slain by an orc priest

Illustrated notes

Levels and vault maps discovered:
D:1:      dpeg_arrival_houses_and_road, layout_rooms
D:2:      layout_loops_cross, hellmonk_ecumenical_altar_defaced_shrine
D:3:      minmay_skewed_foursquare, layout_basic,
          nicolae_wu_jian_immortal_techniques

Skill      XL: |  1  2  3 |
---------------+----------+-----
Short Blades   | 1 |  1.4
Long Blades    | 1 |  1.4
Axes           | 1 |  1.4
Maces & Flails | 1 |  1.4
Polearms       | 1 |  1.4
Staves         | 1 |  1.4
Slings         | 1 |  1.4
Bows           | 1 |  1.4
Throwing       | 1 |  1.4
Armour         | 1 |  1.4
Shields        | 1 |  1.4
Unarmed Combat | 1 |  1.4
Spellcasting   | 1 |  1.4
Conjurations   | 1 |  1.1
Hexes          | 1 |  1.1
Summonings     | 1 |  1.1
Necromancy     | 1 |  1.1
Translocations | 1 |  1.1
Transmutations | 1 |  1.1
Fire Magic     | 1 |  1.1
Ice Magic      | 1 |  1.1
Air Magic      | 1 |  1.1
Earth Magic    | 1 |  1.1
Poison Magic   | 1 |  1.1
Invocations    | 1 |  1.6
Evocations     | 1 |  1.4
Fighting       | |  4.8
Crossbows      | |  8.6
Dodging        | |  4.8
Stealth        | |  2.7

Action                   |  1- 3 |  4- 6 || total
-------------------------+-------+-------++-------
Melee: Short sword       |    55 |       ||    55
       Bite              |     9 |     5 ||    14
       Whip              |    33 |    67 ||   100
 Fire: Hand crossbow     |     9 |    25 ||    34
Invok: Heroism           |       |     1 ||     1
  Use: Potion            |       |     1 ||     1
 Stab: Sleeping          |     1 |       ||     1
Armor: Leather armour    |    17 |       ||    17
       Scale mail        |    12 |    23 ||    35
Dodge: Dodged            |    59 |    45 ||   104
Block: Buckler           |       |     7 ||     7

Table legend: (Time is in decaauts)
 A = Elapsed time spent in this place.
 B = Non-inter-level travel time spent in this place.
 C = Inter-level travel time spent in this place.
 D = Time resting spent in this place.
 E = Time spent auto-exploring this place.
 F = Levels seen in this place.
 G = Mean time per level.
                   A        B        C        D        E       F      G
               +--------+--------+--------+--------+--------+-----+--------+
         Total |   3168 |   3099 |     69 |   1591 |   1124 |   3 | 1056.0 |
       Dungeon |   3168 |   3099 |     69 |   1591 |   1124 |   3 | 1056.0 |
               +--------+--------+--------+--------+--------+-----+--------+

Top non-repeatable levels by time:
     D:1: 1660 daAuts
     D:2: 1270 daAuts
     D:3: 238 daAuts
